 Dungeon Crawl Stone Soup version 0.31-a0-361-g0f8bd3a31e (webtiles) character file.

Game seed: 6861184448931023357

14 BritishOli the Trooper (level 2, 21/24 HPs)
             Began as a Demonspawn Fighter on July 27, 2023.
             Got out of the dungeon alive.
             The game lasted 00:00:37 (298 turns).

BritishOli the Trooper (Demonspawn Fighter)          Turns: 298, Time: 00:00:37

Health: 21/24      AC:  6    Str: 16    XL:     2   Next: 31%
Magic:  2/2        EV:  8    Int:  9    God:
Gold:   50         SH:  4    Dex: 12    Spells: 1/1 levels left

rFire   . . .        a - +0 war axe
rCold   . . .        c - +0 buckler
rNeg    . . .        b - +0 scale mail
rPois   .            (no helmet)
rElec   .            (no cloak)
rCorr   +            (no gloves)
SInv    .            (no boots)
Will    .....        (no amulet) Stlth
                     e - ring of resist corrosion
HPRegen 0.24/turn    (no ring)
MPRegen 0.16/turn

%: no passive effects
@: no status effects
A: magic regeneration
a: no special abilities


You escaped.
You visited 1 branch of the dungeon, and saw 1 of its levels.

You collected 50 gold pieces.

Inventory:

Hand Weapons
 a - a +0 war axe (weapon)
Armour
 b - a +0 scale mail (worn)
 c - a +0 buckler (worn)
Jewellery
 e - a ring of resist corrosion (left hand)
Scrolls
 g - a scroll of vulnerability {unknown}
Potions
 d - a potion of might
 f - a potion of attraction {unknown}
 h - a potion of degeneration {unknown}


   Skills:
 + Level 3.2 Fighting
 + Level 2.0 Axes
 + Level 2.9 Armour
 + Level 2.9 Shields


You had one spell level left.
You didn't know any spells.
Your spell library was empty.

Dungeon Overview and Level Annotations

Branches:
Dungeon (1/15)

Altars:


Innate Abilities, Weirdness & Mutations

You regenerate magic rapidly.


Message History

No target in view!
No target in view!
No target in view!
A kobold is nearby!
You barely miss the kobold. The kobold hits you but does no damage.
The kobold closely misses you.
You slash the kobold!
You kill the kobold!
No target in view!
No target in view!
No target in view!
A dart slug comes into view.
No target in view!
No target in view!
No target in view!
The dart slug launches a dart at you. The slug dart hits you.
Items here: ( ) ††.
You hit the dart slug.
The dart slug is severely wounded.
You block the dart slug's attack.
You slash the dart slug!
You kill the dart slug!
A ball python comes into view.
Why would you want to do that? Why would you want to do that?
Why would you want to do that? Why would you want to do that?
You enter the shallow water.
Moving in this stuff is going to be slow.
The ball python barely misses you. The ball python grabs you.
The ball python constricts you. The ball python barely misses you.
The ball python constricts you.
You escape the ball python's grasp.
The ball python bites you. The ball python grabs you.
The ball python constricts you.
There is a staircase leading out of the dungeon here.
Are you sure you want to leave the Dungeon?
This will make you lose the game!
You escape the ball python's grasp.
You have escaped!

♣♣.P....♣♣#####.#.......
..♣ .♣ #......... ♣♣P♣
##........ .♣♣♣
##........ ..♣
#####......... .#♣
##.#.#.#.#.#.#. .# #
#.#.#.#.#.#.#.. .#
#.##.#.≈≈≈≈≈.#.#. .###
..#.#≈.@.≈#.#.. ...#
##.#.≈S..≈.#.#. ...#
#.#.#≈...≈#.#.#
...########.#.~~~~~.#.##
.........S.#.#.#.#.#.#.
...########.#.#.#.#.#.#
...# ##[.....##### ####
#......# #......#


You could see a ball python.

Vanquished Creatures
  A dart slug (D:1)
  A giant cockroach (D:1)
  A goblin (D:1)
  4 hobgoblins (D:1)
  A quokka (D:1)
  A kobold (D:1)
  2 rats (D:1)
11 creatures vanquished.

Notes
Turn   | Place    | Note
-------+----------+-------------------------------------------
     0 | D:1      | BritishOli the Demonspawn Fighter began the quest for the
                  | Orb.
     0 | D:1      | Reached XP level 1. HP: 18/18 MP: 1/1
   224 | D:1      | Gained mutation: You regenerate magic rapidly. [demonic
                  | ancestry]
   224 | D:1      | Reached XP level 2. HP: 23/24 MP: 2/2
   298 | D:$      | Got out of the dungeon alive.

Illustrated notes

Levels and vault maps discovered:
D:1:      ncdulo_watergridlock, layout_rooms, serial_forest,
          infiniplex_forest_clump_double, infiniplex_forest_straight_3,
          infiniplex_forest_end_2, infiniplex_forest_clump_small,
          infiniplex_forest_side_room, infiniplex_forest_3_way,
          basic_ecumenical_altar

Skill      XL: |  1 |
---------------+----+-----
Axes           | 2 |  2.0
Fighting       | |  3.2
Armour         | |  2.9
Shields        | |  2.9

Action                     || total
---------------------------++-------
  Melee: War axe           ||    34
 Armour: Scale mail        ||    17
  Dodge: Dodged            ||    19
  Block: Buckler           ||     3

Table legend: (Time is in decaauts)
 A = Elapsed time spent in this place.
 B = Non-inter-level travel time spent in this place.
 C = Inter-level travel time spent in this place.
 D = Time resting spent in this place.
 E = Time spent auto-exploring this place.
 F = Levels seen in this place.
 G = Mean time per level.
                   A        B        C        D        E       F      G
               +--------+--------+--------+--------+--------+-----+--------+
         Total |    314 |    294 |     20 |      0 |    175 |   1 |  314.0 |
       Dungeon |    314 |    294 |     20 |      0 |    175 |   1 |  314.0 |
               +--------+--------+--------+--------+--------+-----+--------+

Top non-repeatable levels by time:
     D:1: 314 daAuts
